 Dungeon Crawl Stone Soup version 0.29-a0-289-g2178c42546 (webtiles) character file.

Game seed: 15587019375563376583

7667 Dabor the Fighter (level 10, -5/85 (87) HPs)
             Began as a Palentonga Fighter on Mar 17, 2022.
             Was a Believer of Ashenzari.
             Killed from afar by a deep elf pyromancer (26 damage)
             ... with a bolt of fire
             ... on level 9 of the Dungeon.
             The game lasted 00:19:59 (10674 turns).

Dabor the Fighter (Palentonga Fighter)             Turns: 10674, Time: 00:20:00

HP:   -5/85 (87)    AC: 25    Str: 25    XL:     10   Next: 99%
MP:   10/10         EV:  9    Int: 10    God:    Ashenzari [**....]
Gold: 587           SH: 12    Dex: 21    Spells: 9/9 levels left

rFire   . . .      SeeInvis +   m - +5 hand axe
rCold   + . .      Faith    .   c - +0 buckler "Eternal Secrets" {Comp, Bglg} (curse)
rNeg    + . .      Spirit   .   E - +2 plate armour {rC+}
rPois   .          Reflect  +   i - +0 helmet "Shattered With Me" {Melee, Fort} (curse)
rElec   .          Harm     .   u - +0 cloak "Chained With Me" {Melee, Cun} (curse)
rCorr   +          Rampage  .   r - +0 pair of gloves "Astrological Oracle" {Cun, Fort} (curse)
Will    +....                   (no barding)
Stlth   ..........              j - amulet of reflection
HPRegen 0.24/turn               t - ring "Zibuf" {EV+4 Str+2 Dex+6}
MPRegen 0.12/turn               s - ring "Fiunnehy" {rN+ Will+ rCorr Dex+6}

@: lightly drained, curled up
A: large, rugged brown scales 3, see invisible, deformed body, roll 1, armoured
tail, reflexive curl, stinger 1
a: Rolling Charge, Renounce Religion, Curse Item, Shatter the Chains


You were on level 9 of the Dungeon.
You worshipped Ashenzari.
Ashenzari was pleased with you.
You visited 1 branch of the dungeon, and saw 9 of its levels.
You also visited: Bailey.

You collected 587 gold pieces.

Inventory:

Hand Weapons
 a - a +0 war axe
 m - a +5 hand axe (weapon)
Armour
 b - a +0 scale mail
 c - the cursed +0 buckler "Eternal Secrets" (worn) {Comp, Bglg}

   It has a curse which improves the following skills: Companions: Summonings
   and Necromancy.
   Beguiling: Conjurations, Hexes and Translocations.
 i - the cursed +0 helmet "Shattered With Me" (worn) {Melee, Fort}
   (You found it on level 3 of the Dungeon)

   It has a curse which improves the following skills: Melee Combat: Short
   Blades, Long Blades, Axes, Maces & Flails, Polearms, Staves and Unarmed
   Combat.
   Fortitude: Armour and Shields.
 r - the cursed +0 pair of gloves "Astrological Oracle" (worn) {Cun, Fort}
   (You found it on level 3 of the Dungeon)

   It has a curse which improves the following skills: Cunning: Dodging and
   Stealth.
   Fortitude: Armour and Shields.
 u - the cursed +0 cloak "Chained With Me" (worn) {Melee, Cun}
   (You found it on level 4 of the Dungeon)

   It has a curse which improves the following skills: Melee Combat: Short
   Blades, Long Blades, Axes, Maces & Flails, Polearms, Staves and Unarmed
   Combat.
   Cunning:   Dodging and Stealth.
 E - a +2 plate armour of cold resistance (worn)
Jewellery
 g - an amulet of faith
 j - an amulet of reflection (around neck)
 l - a ring of protection from cold
 s - the ring "Fiunnehy" (right hand) {rN+ Will+ rCorr Dex+6}
   (You found it on level 6 of the Dungeon)

   [ring of dexterity]

   Dex:       It affects your dexterity (+6).
   rN:        It protects you from negative energy.
   rCorr:     It protects you from acid and corrosion.
   Will:      It increases your willpower.
 t - the ring "Zibuf" (left hand) {EV+4 Str+2 Dex+6}
   (You acquired it on level 4 of the Dungeon)

   [ring of evasion]

   EV:        It affects your evasion (+4).
   Str:       It affects your strength (+2).
   Dex:       It affects your dexterity (+6).
 x - a ring of protection from fire
Wands
 q - a wand of flame (49)
 v - a wand of mindburst (11)
Scrolls
 e - 3 scrolls of vulnerability
 h - 2 scrolls of torment
 k - 4 scrolls of enchant armour
 n - 5 scrolls of identify
 y - a scroll of fog
 z - a scroll of silence
 A - 3 scrolls of fear
 C - 2 scrolls of amnesia
 D - a scroll of summoning
 H - a scroll of magic mapping
 I - a scroll of enchant weapon
Potions
 f - 6 potions of flight
 p - 2 potions of lignification
 w - a potion of magic
 F - 2 potions of brilliance
 G - a potion of invisibility


   Skills:
 + Level 8.5 Fighting
 + Level 8.2(10.1) Axes
 + Level 7.1(9.1) Armour
 + Level 7.1(9.1) Shields
 * Level 5.5 Evocations


You had 9 spell levels left.
You didn't know any spells.
Your spell library contained the following spells:

 Spells                   Type           Power      Damage    Failure   Level
 Sandblast                Erth           0%         2d4       99%         1
 Corpse Rot               Necr/Air       0%         N/A       100%        2
 Passwall                 Tmut/Erth      0%         N/A       100%        2
 Stone Arrow              Conj/Erth      0%         3d7       100%        3
 Dispel Undead            Necr           0%         3d6       100%        4
 Fireball                 Conj/Fire      0%         3d3       100%        5
 Death Channel            Necr           0%         N/A       100%        6
 Starburst                Conj/Fire      0%         6d3       100%        6
 Ignition                 Fire           0%         3d3       100%        8


Dungeon Overview and Level Annotations

Branches:
Dungeon (9/15)             Temple (0/1) D:5            Lair (0/6) D:9
 Bailey (visited)
    Orc: D:9-12

Altars:
Ashenzari
Dithmenos
Elyvilon
Fedhas
Makhleb
Okawaru
Xom

Annotations:
D:7 2 transporters, Dabor's ghost, novice PaFi


Innate Abilities, Weirdness & Mutations

You are completely covered in rugged brown scales. (AC +3, +7% HP)
You have supernaturally acute eyesight. (SInv)
Armour fits poorly on your strangely shaped body.
You can roll at nearby foes to attack.
You have a long armoured tail.
You curl defensively after being hit. (AC +7*)
Your tail ends in a venomous barb.


Message History

You roll forward with a clatter of scales!
You barely miss the wight. The wight hits you but does no damage.
You hit the wight.
The wight is moderately damaged.
You hit the wight but do no damage.
The wight is moderately damaged.
You block the wight's attack.
You barely miss the wight.
The wight is moderately damaged.
You block the wight's attack.
Blink to where?
Press: ? - help, Dir - move target, p - wight
As you read the scroll of blinking, it crumbles to dust.
You see here a +0 whip.
A deep elf pyromancer comes into view.
It is wielding a +0 rapier and wearing the amulet "Nipp" {rPois Regen+ MP+9}.
The deep elf pyromancer shouts!
Roll where?
Press: ? - help, Q - select action, (/) - cycle Dir - move target, f - deep elf pyromancer
Aim: a deep elf pyromancer, wielding a +0 rapier, wearing a +0 scale mail and wearing the amulet "Nipp" {rPois Regen+ MP+9} You roll forward with a clatter of scales!
Found a +0 robe.
You slice the deep elf pyromancer!!
The deep elf pyromancer is heavily wounded.
You hear a horrible gurgling sound!
You hear an angry buzzing noise.
You hear a shout!
A green ugly thing comes into view.
The deep elf pyromancer hits you but does no damage.
You barely miss the deep elf pyromancer.
The deep elf pyromancer is heavily wounded.
The deep elf pyromancer misses you.
You hit the deep elf pyromancer.
The deep elf pyromancer is heavily wounded.
You block the deep elf pyromancer's attack.
You barely miss the deep elf pyromancer.
The deep elf pyromancer is heavily wounded.
You block the deep elf pyromancer's attack.
The deep elf pyromancer gestures at you while chanting.
The bolt of fire hits you!!
You die...

#[.[.# #.# #T.# #....#
#.# #..# #[..y# #.# #..#
#....# #.# #..#
#....######.# #..####
#...........#####......
#.....).........T......
#<....e..°z.T..........
#####
#.....@........#####..#
#...#####..............#
#..#
#......................#
#..#
#..+#########'#...u....#
#..# #..#,*
,,...#........#####..#
###..#, ,
...##..............#
{....####
.[#.##...............
{###..#[.
*..#.###.####...###...
.# ##.##.#### #.###..#
#...# #...


You could see a green ugly thing, a deep elf pyromancer, a troll, a hornet and a
wight.

Vanquished Creatures
  A two-headed ogre (D:9)
  Pikel (D:6)
  A hornet (D:9)
  Prince Ribbit (D:7)
  Sigmund (D:2)
  2 wyverns
  3 yaks (D:9)
  4 steam dragons
  A water moccasin (D:7)
  10 orc warriors
  An ice beast (D:6)
  A sky beast (D:6)
  2 black bears
  5 centaurs
  A phantom (D:5)
  2 kobold brigands
  4 bullfrogs
  2 necrophages (D:6)
  Blork the orc (D:5)
  2 gnoll sergeants (D:6)
  A scorpion (D:6)
  7 wights
  11 killer bees
  3 howler monkeys (D:7)
  4 hounds
  A jelly (D:7)
  Crazy Yiuf (D:7)
  An orc priest (D:3)
  2 gnoll shamans
  Jessica (D:2)
  Natasha (thrice) (D:2)
  2 iguanas
  3 orc wizards
  18 gnolls
  11 adders
  A white imp (D:6)
  2 ufetubi
  2 worms
  3 dart slugs
  33 orcs
  12 ball pythons
  6 endoplasms
  4 giant cockroaches
  13 goblins
  8 hobgoblins
  3 jackals (D:3)
  3 quokkas
  7 bats
  2 frilled lizards
  29 kobolds
  7 rats
  2 bushes (D:1)
252 creatures vanquished.

Vanquished Creatures (collateral kills)
  2 wights (D:9)
2 creatures vanquished.

Vanquished Creatures (others)
  Maggie (D:7)
  A goblin (D:7)
2 creatures vanquished.

Grand Total: 256 creatures vanquished

Notes
Turn   | Place    | Note
-------+----------+-------------------------------------------
     0 | D:1      | Dabor the Palentonga Fighter began the quest for the Orb.
     0 | D:1      | Reached XP level 1. HP: 19/19 MP: 1/1
   318 | D:1      | Reached XP level 2. HP: 23/25 MP: 2/2
  1183 | D:2      | You fall into a shaft and drop 2 floors!
  1520 | D:3      | Reached XP level 3. HP: 28/31 MP: 3/3
  1919 | D:2      | Noticed Jessica
  1932 | D:2      | Killed Jessica
  1933 | D:2      | Reached XP level 4. HP: 33/38 MP: 4/4
  2037 | D:2      | Found a faded altar of an unknown god.
  2064 | D:2      | Prayed at the altar of an unknown god.
  2064 | D:2      | Became a worshipper of Ashenzari the Shackled
  2292 | D:2      | Noticed Sigmund
  2303 | D:2      | Killed Sigmund
  2304 | D:2      | Reached XP level 5. HP: 11/44 MP: 5/5
  2655 | D:2      | Reached XP level 6. HP: 51/51 MP: 6/6
  2737 | D:2      | Noticed Natasha
  2738 | D:2      | Killed Natasha
  2815 | D:2      | Noticed Natasha
  2819 | D:2      | Killed Natasha
  2824 | D:2      | Reached * piety under Ashenzari
  2921 | D:2      | Noticed Natasha
  2930 | D:2      | Killed Natasha
  3822 | D:3      | Found a white marble altar of Elyvilon.
  4496 | D:4      | Found a shimmering altar of Xom.
  4585 | D:4      | Found a shadowy altar of Dithmenos.
  4758 | D:4      | Gained mutation: You curl defensively after being hit. (AC
                  | +7*) [Palentonga growth]
  4758 | D:4      | Reached XP level 7. HP: 52/58 MP: 7/7
  5186 | D:4      | Reached ** piety under Ashenzari
  5243 | D:4      | Identified a scroll of acquirement
  5251 | D:4      | Acquired the ring "Zibuf" {EV+4 Str+2 Dex+6}
  5627 | D:5      | Entered Level 5 of the Dungeon
  5671 | D:5      | Noticed Blork the orc
  5688 | D:5      | Killed Blork the orc
  5804 | D:5      | Reached skill level 5 in Fighting
  5862 | D:5      | Found a staircase to the Ecumenical Temple.
  5985 | D:5      | Found a burning altar of Makhleb.
  6298 | D:6      | Identified the ring "Fiunnehy" {rN+ Will+ rCorr Dex+6}
  6302 | D:6      | Reached XP level 8. HP: 65/67 MP: 8/8
  6308 | D:6      | Reached skill level 5 in Axes
  6689 | D:6      | Reached skill level 5 in Armour
  6689 | D:6      | Reached skill level 5 in Shields
  6734 | D:6      | Noticed Pikel
  6739 | D:6      | Killed Pikel
  6740 | D:6      | Reached XP level 9. HP: 72/75 MP: 9/9
  7391 | D:7      | Found a broken altar of Ashenzari.
  7474 | D:7      | Found a flagged portal.
  7498 | Bailey   | Entered a bailey
  7540 | Bailey   | Reached skill level 1 in Evocations
  7646 | Bailey   | Identified the +3 great sword of the Ageless Hosts {venom,
                  | rC+ Int-2 Stlth+}
  7782 | D:7      | Noticed Prince Ribbit
  7794 | D:7      | Killed Prince Ribbit
  7795 | D:7      | Reached XP level 10. HP: 72/84 MP: 10/10
  7809 | D:7      | Found a transporter.
  8227 | D:7      | Found a transporter.
  8231 | D:7      | Noticed Maggie
  8246 | D:7      | Killed Maggie
  8649 | D:7      | Noticed a toenail golem
  8658 | D:7      | Noticed Dabor's ghost (novice PaFi)
  8927 | D:7      | Found an iron altar of Okawaru.
  8960 | D:7      | Found a runed translucent door.
  8961 | D:7      | Noticed Crazy Yiuf
  8967 | D:7      | Killed Crazy Yiuf
  9014 | D:7      | Gained mutation: Your tail ends in a venomous barb. [potion
                  | of mutation]
  9091 | D:8      | Found a blossoming altar of Fedhas.
  9848 | D:9      | Noticed a two-headed ogre
  9855 | D:9      | Killed a two-headed ogre
  9856 | D:9      | Reached skill level 5 in Evocations
  9869 | D:9      | Found a staircase to the Lair.
 10553 | D:9      | Paralysed by a hornet for 3 turns
 10568 | D:9      | Paralysed by a hornet for 2 turns
 10591 | D:9      | HP: 4/85 [poisoned by a hornet]
 10668 | D:9      | Identified the amulet "Nipp" {rPois Regen+ MP+9}
 10668 | D:9      | Noticed a deep elf pyromancer
 10670 | D:9      | Noticed a green ugly thing
 10674 | D:9      | Killed from afar by a deep elf pyromancer

Illustrated notes

Levels and vault maps discovered:
D:1:      matt_arrival_los_fun, layout_loops_cross, corexii_hall_statues_l,
          chequers_garden, minmay_hedge_maze, kennysheep_another_room,
          minmay_octomino_e4
D:2:      layout_basic, hellmonk_ecumenical_altar_run_dry, uniq_sigmund,
          uniq_natasha, uniq_jessica
D:3:      layout_loops_cross, mainiacjoe_overflow_surrounded_room,
          grunt_ministairs_13, amethyst_killhole, kennysheep_nondescript,
          minmay_snake_closets
D:4:      layout_loops_corners, amcnicky_altar_gilded,
          overflow_temple_1_default, abandoned_shop, kennysheep_cross_room
D:5:      layout_rooms, makhleb_blood_cavern_becter, minmay_temple_entry_waves,
          uniq_blork_the_orc
D:6:      kennysheep_spiral_hall, layout_cave_pools, uniq_pikel
D:7:      layout_loops_ring, overflow_temple_1_default,
          nicolae_ashenzari_skybound, gammafunk_ghost_abyssal_escape,
          enter_bailey_5, chequers_ossuary_entry_cave, chequers_mini_garden,
          uniq_prince_ribbit1, uniq_maggie, uniq_crazy_yiuf_cottage
D:8:      layout_basic, fedhas_altar_2
D:9:      minmay_the_grid_triangle_9x9_rhombus_thin_mashed
          [minmay_the_grid_triangle_9x9_skeleton,
          minmay_the_grid_triangle_9x9_prize_center,
          minmay_the_grid_triangle_9x9_corrupted_corridor,
          minmay_the_grid_triangle_9x9_sprig], layout_small_grid,
          lair_entry_dummy

Skill      XL: |  1  2  3  4  5  6  7  8  9 10 |
---------------+-------------------------------+-----
Armour         | 3 4 5 6 7 |  7.1
Shields        | 3 4 5 6 7 |  7.1
Axes           | 3 4 6 7 8 |  8.2
Fighting       | 4 5 6 7 8 |  8.5
Evocations     | 2 5 |  5.5

Action                   |  1- 3 |  4- 6 |  7- 9 | 10-12 || total
-------------------------+-------+-------+-------+-------++-------
Melee: War axe           |   173 |   193 |   184 |       ||   550
       Tailslap          |    19 |    17 |    41 |    41 ||   118
       Hand axe          |       |       |    94 |   214 ||   308
Invok: Curse Item        |       |     2 |     2 |       ||     4
 Abil: Rolling Charge    |     5 |    19 |    34 |    22 ||    80
Evoke: Wand              |       |       |     9 |       ||     9
  Use: Potion            |       |     1 |     3 |     5 ||     9
       Scroll            |       |       |     1 |     3 ||     4
Armor: Scale mail        |    51 |   105 |    58 |       ||   214
       Plate armour      |       |       |       |   113 ||   113
Dodge: Dodged            |    43 |    66 |   105 |    72 ||   286
Block: Buckler           |    21 |    30 |   156 |   138 ||   345
       Reflection        |       |       |     3 |     7 ||    10

Table legend: (Time is in decaauts)
 A = Elapsed time spent in this place.
 B = Non-inter-level travel time spent in this place.
 C = Inter-level travel time spent in this place.
 D = Time resting spent in this place.
 E = Time spent auto-exploring this place.
 F = Levels seen in this place.
 G = Mean time per level.
                   A        B        C        D        E       F      G
               +--------+--------+--------+--------+--------+-----+--------+
         Total |  10804 |  10311 |    493 |   1533 |   6558 |  10 | 1080.4 |
       Dungeon |  10527 |  10034 |    493 |   1533 |   6558 |   9 | 1169.7 |
        Bailey |    276 |    276 |      0 |      0 |      0 |   1 |  276.0 |
               +--------+--------+--------+--------+--------+-----+--------+

Top non-repeatable levels by time:
     D:3: 1716 daAuts
     D:2: 1616 daAuts
     D:7: 1403 daAuts
     D:1: 1232 daAuts
     D:4: 1213 daAuts
     D:6: 1094 daAuts
     D:9: 952 daAuts
     D:8: 680 daAuts
     D:5: 617 daAuts
  Bailey: 276 daAuts
